[Event "Titled Tuesday Blitz June 6 Early 2023"]
[White "Sourath Biswas"]
[Black "Hakobyan, Aram"]
[WhiteFideId "35091484"]
[BlackFideId "13306677"]
[WhiteElo "2171"]
[BlackElo "2584"]
[Result "0-1"]
[Round "2"]
[TimeControl "180+2"]
[Date "2023.06.06"]
[WhiteClock "0:00:11"]
[BlackClock "0:00:15"]
[Board "10"]

1. Nf3 Nf6 2. c4 g6 3. b3 Bg7 4. Bb2 d6 5. d4 O-O 6. g3 Bd7 7. Bg2 Re8 8. O-O Qc8 9. Re1 Bh3 10. Bh1 h6 11. Nbd2 Nbd7 12. e4 e5 13. Nf1 Ng4 14. Ne3 Nxe3 15. Rxe3 Bg4 16. Qd3 exd4 17. Bxd4 Nc5 18. Qc3 Bf8 19. e5 Bxf3 20. Rxf3 dxe5 21. Bxe5 Nd7 22. Bd4 c5 23. Bf6 Re6 24. Re1 Rxf6 25. Rxf6 Bg7 26. Bd5 Nxf6 27. Bf3 Qd7 28. Qa5 b6 29. Qc3 Re8 30. Rd1 Qe7 0-1


[Site "https://www.chess.com"]

[Event "Titled Tuesday Blitz June 6 Early 2023"]
[White "Kramnik, Vladimir"]
[Black "Kashlinskaya, Alina"]
[WhiteFideId "4101588"]
[BlackFideId "4198026"]
[WhiteElo "2703"]
[BlackElo "2383"]
[Result "0-1"]
[Round "2"]
[TimeControl "180+2"]
[Date "2023.06.06"]
[WhiteClock "0:00:01"]
[BlackClock "0:00:04"]
[Board "11"]

1. c4 Nf6 2. Nc3 g6 3. g3 Bg7 4. Bg2 O-O 5. d3 d6 6. Nf3 c5 7. Bg5 h6 8. Bd2 Nc6 9. a3 e5 10. O-O Be6 11. b4 cxb4 12. axb4 Nxb4 13. Rb1 a5 14. Na4 Bd7 15. Ne1 Bc6 16. Bxc6 bxc6 17. c5 dxc5 18. Qc1 e4 19. Nxc5 Qd5 20. Bxb4 axb4 21. Rxb4 Ra2 22. dxe4 Qh5 23. Ncd3 Qxe2 24. Nf4 Qa6 25. Nf3 g5 26. e5 Ng4 27. Nh5 Nxe5 28. Nxe5 Bxe5 29. Qe3 Re2 30. Qf3 c5 31. Rg4 Rb2 32. h4 Qg6 33. Re4 Bd4 34. hxg5 hxg5 35. g4 Rfb8 36. Re7 Rb1 37. Rxb1 Rxb1+ 38. Kg2 Rb8 39. Qd5 Rf8 40. Ng3 Qc2 41. Qf5 Qxf5 42. Nxf5 Ra8 43. Rc7 Kf8 0-1


[Site "https://www.chess.com"]

[Event "Titled Tuesday Blitz June 6 Early 2023"]
[White "Yaniuk, Volodymyr"]
[Black "Pranesh M"]
[WhiteFideId "14133083"]
[BlackFideId "35028600"]
[WhiteElo "2141"]
[BlackElo "2437"]
[Result "0-1"]
[Round "2"]
[TimeControl "180+2"]
[Date "2023.06.06"]
[WhiteClock "0:00:02"]
[BlackClock "0:00:07"]
[Board "12"]

1. d4 d5 2. c4 e6 3. Nf3 Nf6 4. g3 dxc4 5. Bg2 Nc6 6. O-O Rb8 7. a4 a6 8. Qc2 b5 9. Rd1 Nd5 10. axb5 axb5 11. Nc3 Be7 12. e4 Ncb4 13. Qe2 Nxc3 14. bxc3 Nd3 15. Be3 O-O 16. Ra7 Bb7 17. Nd2 c5 18. Rb1 Bc6 19. Nxc4 cxd4 20. Bxd4 bxc4 21. Rxb8 Qxb8 22. Rxe7 e5 23. Be3 Qb1+ 24. Qf1 Qc2 25. Rc7 Bb5 26. Qa1 h6 27. h4 Rd8 28. Qa5 Qb1+ 29. Kh2 Rb8 30. Qa7 Rf8 31. Rb7 Ne1 32. Rb8 Rxb8 33. Qxb8+ Kh7 34. Qxe5 Nxg2 35. Kxg2 Bd7 36. Bd4 f6 37. Qe7 Bc6 38. f3 Qc2+ 39. Kh3 Qd1 40. Bxf6 Bd7+ 41. g4 Qxf3+ 42. Kh2 Qf4+ 43. Kh1 Qf1+ 44. Kh2 Qe2+ 45. Kh1 Qxg4 46. Bxg7 Qxg7 0-1


[Site "https://www.chess.com"]

[Event "Titled Tuesday Blitz June 6 Early 2023"]
[White "Shevchenko, Kirill"]
[Black "Kochiev, Ivan"]
[WhiteFideId "14129574"]
[BlackFideId "2917890"]
[WhiteElo "2603"]
[BlackElo "2287"]
[Result "1-0"]
[Round "2"]
[TimeControl "180+2"]
[Date "2023.06.06"]
[WhiteClock "0:02:36"]
[BlackClock "0:01:52"]
[Board "13"]

1. c4 Nf6 2. Nc3 e6 3. e4 d5 4. cxd5 exd5 5. e5 d4 6. exf6 dxc3 7. Bb5+ c6 8. Qe2+ Be6 9. Bc4 Qxf6 10. dxc3 Bd6 11. Bxe6 fxe6 12. Nf3 O-O 13. O-O Nd7 14. Bg5 Qg6 15. Rad1 e5 16. Qd3 Bc5 17. Qxg6 hxg6 18. Rxd7 1-0


[Site "https://www.chess.com"]

[Event "Titled Tuesday Blitz June 6 Early 2023"]
[White "Skliarov, Viktor"]
[Black "Tabatabaei, M. Amin"]
[WhiteFideId "14106736"]
[BlackFideId "12521213"]
[WhiteElo "2317"]
[BlackElo "2575"]
[Result "0-1"]
[Round "2"]
[TimeControl "180+2"]
[Date "2023.06.06"]
[WhiteClock "0:00:05"]
[BlackClock "0:00:30"]
[Board "14"]

1. e4 e6 2. d4 d5 3. e5 c5 4. c3 Nc6 5. Nf3 Qb6 6. a3 c4 7. Nbd2 Na5 8. g3 Bd7 9. h4 Ne7 10. Bh3 h6 11. O-O Qc7 12. h5 Nc8 13. Nh4 Nb6 14. f4 Be7 15. Ndf3 Nb3 16. Rb1 Nxc1 17. Rxc1 O-O-O 18. f5 Kb8 19. fxe6 Bxe6 20. Bxe6 fxe6 21. Ng6 Rhe8 22. Rc2 Qd7 23. Rcf2 a6 24. Qd2 Ka7 25. Nxe7 Rxe7 26. Nh4 Qb5 27. Ng6 Rc7 28. g4 Na4 29. Kg2 Rc6 30. g5 Rb6 31. gxh6 gxh6 32. Qxh6 Qd7 33. Rf7 Rxb2+ 34. Kh3 Qb5 35. Qg5 Rb8 36. h6 Nxc3 37. h7 Ne4 38. Qf4 Qb3+ 39. Kh4 Rg2 40. h8=Q Rxh8+ 41. Nxh8 c3 42. Qf3 Rh2+ 43. Kg4 Rxh8 44. Rc7 Rg8+ 45. Kh4 Qb2 46. Rh1 Rh8+ 47. Kg4 Rxh1 48. Qxh1 Nf2+ 0-1


[Site "https://www.chess.com"]

[Event "Titled Tuesday Blitz June 6 Early 2023"]
[White "Henriquez Villagra, Cristobal"]
[Black "Novikov, Evgenij"]
[WhiteFideId "3409350"]
[BlackFideId "4125380"]
[WhiteElo "2542"]
[BlackElo "2242"]
[Result "1-0"]
[Round "2"]
[TimeControl "180+2"]
[Date "2023.06.06"]
[WhiteClock "0:00:09"]
[BlackClock "0:00:05"]
[Board "15"]

1. e4 c5 2. d3 Nc6 3. f4 g6 4. Nf3 Bg7 5. g3 Nh6 6. Bg2 O-O 7. O-O f5 8. Kh1 d6 9. Nc3 Rb8 10. Be3 b5 11. a3 a5 12. Ng5 Nd4 13. Ne2 Nxe2 14. Qxe2 Bxb2 15. Rab1 Bg7 16. e5 dxe5 17. Bxc5 exf4 18. gxf4 e5 19. Bxf8 Kxf8 20. Nxh7+ Kg8 21. Ng5 exf4 22. Ne6 Qe7 23. Rbe1 Bxe6 24. Qxe6+ Qxe6 25. Rxe6 Kh7 26. Rxf4 b4 27. axb4 axb4 28. Bd5 Rb5 29. Bc4 Re5 30. h3 Rxe6 31. Bxe6 Bc3 32. d4 Kg7 33. d5 Kf6 34. Rh4 Kg5 35. Rc4 Kf6 36. Kg2 g5 37. Rc6 Ke5 38. Rc4 g4 39. h4 f4 40. h5 f3+ 41. Kf2 Bd2 42. Bxg4 Kxd5 43. Be6+ Kxe6 44. Kxf3 Bc3 45. Rc6+ Kf5 46. Rxh6 Kg5 47. Rh7 Kf6 48. Kg4 1-0


[Site "https://www.chess.com"]

[Event "Titled Tuesday Blitz June 6 Early 2023"]
[White "brm72"]
[Black "Sjugirov, Sanan"]
[BlackFideId "4189302"]
[WhiteElo "2577"]
[BlackElo "2569"]
[Result "0-1"]
[Round "2"]
[TimeControl "180+2"]
[Date "2023.06.06"]
[WhiteClock "0:00:02"]
[BlackClock "0:00:05"]
[Board "16"]

1. e4 c5 2. Nf3 d6 3. d4 cxd4 4. Nxd4 Nf6 5. Nc3 a6 6. f3 e5 7. Nb3 Be6 8. Be3 h5 9. Qd2 Nbd7 10. O-O-O b5 11. Kb1 Be7 12. Bd3 Qc7 13. h3 h4 14. f4 Nb6 15. Qf2 Nc4 16. Bxc4 bxc4 17. Bb6 Qc8 18. Na5 exf4 19. Nd5 Bxd5 20. exd5 O-O 21. Rhe1 Re8 22. Qxf4 c3 23. b3 Bf8 24. Qxh4 Qf5 25. g4 Qf3 26. Rf1 Qe2 27. Rfe1 Qb5 28. Nc4 Nxd5 29. Bd4 Rec8 30. Ne3 Nxe3 31. Rxe3 Qb4 32. Qg3 a5 33. Rxc3 a4 34. Rxc8 Rxc8 35. Bb2 Qc5 36. Qd3 a3 37. Bd4 Qc6 38. Rf1 Qc7 39. Qf5 f6 40. h4 d5 41. g5 fxg5 42. hxg5 Re8 43. g6 Rd8 44. Qf7+ Qxf7 45. gxf7+ Kh7 46. Rf5 Kg6 47. Rf1 Rd7 48. c3 Rxf7 49. Rg1+ Kf5 50. Rf1+ Ke6 51. Rxf7 Kxf7 52. b4 Ke6 53. Kc2 g5 54. Kd3 g4 55. Ke2 Bd6 56. Be3 Kf5 0-1


[Site "https://www.chess.com"]

[Event "Titled Tuesday Blitz June 6 Early 2023"]
[White "Wadsworth, Matthew J"]
[Black "Deac, Bogdan-Daniel"]
[WhiteFideId "415804"]
[BlackFideId "1226380"]
[WhiteElo "2347"]
[BlackElo "2644"]
[Result "1/2-1/2"]
[Round "2"]
[TimeControl "180+2"]
[Date "2023.06.06"]
[WhiteClock "0:00:04"]
[BlackClock "0:00:04"]
[Board "17"]

1. c4 b6 2. g3 Bb7 3. Nf3 c5 4. Bg2 g6 5. Nc3 Bg7 6. d3 Nf6 7. e4 d6 8. h3 Nc6 9. Be3 Rc8 10. Qd2 h6 11. O-O a6 12. Rab1 Nd7 13. a3 Nd4 14. b4 Ba8 15. Bxd4 cxd4 16. Ne2 e5 17. Nh4 b5 18. cxb5 axb5 19. f4 exf4 20. Nxf4 O-O 21. Nf3 Rc3 22. Qa2 Kh7 23. Rbd1 Ne5 24. Nd5 Rxd3 25. Rxd3 Nxd3 26. Rd1 Bxd5 27. Qxd5 Nb2 28. Rc1 Qb6 29. Rc6 Qa7 30. Rxd6 d3+ 31. Kh2 Qxa3 32. e5 Nc4 33. Rd7 Qxb4 34. Qxd3 Nxe5 35. Nxe5 Bxe5 36. Qd5 Bg7 37. Rxf7 Rxf7 38. Qxf7 Qb2 39. h4 Qe2 40. Qf3 Qe5 41. Qe4 Qc5 42. Bf3 h5 43. g4 Qf2+ 44. Kh3 hxg4+ 45. Qxg4 Bf6 46. h5 gxh5 47. Qxh5+ Kg7 48. Qg4+ Kh6 49. Qf4+ Kg7 50. Qg4+ Kf8 51. Qc8+ Kf7 52. Qd7+ Kf8 53. Qc8+ Ke7 54. Qc7+ Ke6 55. Qc6+ Kf7 56. Qd5+ Kg7 57. Qd7+ Kh6 58. Qg4 Qf1+ 59. Qg2 Qc1 60. Qg4 Qf1+ 61. Qg2 Qe1 62. Qg4 b4 63. Qh5+ Kg7 64. Qg4+ Kf8 65. Qc8+ Kf7 66. Qc4+ Kg7 67. Qg4+ Kf8 68. Qc8+ Kf7 69. Qc4+ Kg7 70. Qg4+ 1/2-1/2


[Site "https://www.chess.com"]

[Event "Titled Tuesday Blitz June 6 Early 2023"]
[White "Lenderman, Aleksandr"]
[Black "Guz, Ari"]
[WhiteFideId "2021285"]
[BlackFideId "2825759"]
[WhiteElo "2607"]
[BlackElo "2205"]
[Result "1-0"]
[Round "2"]
[TimeControl "180+2"]
[Date "2023.06.06"]
[WhiteClock "0:00:12"]
[BlackClock "0:00:08"]
[Board "18"]

1. Nf3 Nf6 2. c4 c5 3. Nc3 Nc6 4. g3 g6 5. Bg2 Bg7 6. O-O O-O 7. d4 d6 8. d5 Na5 9. Nd2 a6 10. Qc2 Rb8 11. b3 b5 12. Bb2 bxc4 13. bxc4 Nd7 14. Rab1 Nb6 15. Nd1 Bxb2 16. Rxb2 Bd7 17. Ne3 Qc7 18. Rfb1 Na4 19. Rxb8 Rxb8 20. Nb3 Rb4 21. Be4 Nxb3 22. axb3 Nb6 23. Qa2 Nc8 24. Qxa6 Rb6 25. Qa5 Qb7 26. Qc3 Ba4 27. Bc2 Bd7 28. h4 h5 29. Ng2 Rb4 30. Nf4 Nb6 31. Ra1 Nc8 32. Ra3 Rb6 33. Bxg6 fxg6 34. Nxg6 Kf7 35. Nf4 Ra6 36. Rxa6 Qxa6 37. Nxh5 Bf5 38. Qf3 Qa1+ 39. Kg2 Kg6 40. e4 Bd7 41. Qf4 Qe5 42. g4 e6 43. Qf8 Qxe4+ 44. Kg3 Qe5+ 45. Nf4+ Kh7 46. Qf7+ Qg7 47. Qh5+ Kg8 48. dxe6 Bc6 49. Nd5 Bxd5 50. Qxd5 Qe5+ 51. Qxe5 dxe5 52. g5 Nd6 53. Kg4 Kf8 54. g6 Ke7 55. g7 Ne8 56. g8=Q Nf6+ 57. Kf5 Nxg8 58. Kxe5 Nf6 59. f4 Ng4+ 60. Kd5 Ne3+ 61. Kxc5 Kxe6 62. b4 Nf5 63. h5 Ng3 64. h6 Ne4+ 65. Kc6 Nf6 66. b5 1-0


[Site "https://www.chess.com"]

[Event "Titled Tuesday Blitz June 6 Early 2023"]
[White "Czerw, Dawid"]
[Black "Bjerre, Jonas Buhl"]
[WhiteFideId "1145746"]
[BlackFideId "1444948"]
[WhiteElo "2144"]
[BlackElo "2525"]
[Result "0-1"]
[Round "2"]
[TimeControl "180+2"]
[Date "2023.06.06"]
[WhiteClock "0:00:03"]
[BlackClock "0:00:18"]
[Board "19"]

1. e4 c5 2. Nf3 e6 3. d4 cxd4 4. Nxd4 Nc6 5. Nc3 Qc7 6. Be3 a6 7. Qd2 Nf6 8. O-O-O Be7 9. f4 d6 10. Be2 b5 11. Nxc6 Qxc6 12. e5 b4 13. Bf3 d5 14. Ne2 Ne4 15. Bxe4 dxe4 16. Nd4 Qc4 17. Kb1 O-O 18. g4 Bb7 19. f5 Rfd8 20. Qf2 a5 21. Rhf1 Bd5 22. b3 Qc7 23. fxe6 fxe6 24. Qf7+ Kh8 25. Nb5 Qd7 26. Nd6 Rf8 27. Qh5 Bxd6 28. exd6 Qxd6 29. Bd4 Qe7 30. Qe5 Kg8 31. h4 Rac8 32. h5 Rf3 33. h6 Qc7 34. Rxf3 Qxc2+ 35. Ka1 Qxd1+ 36. Kb2 Qc1# 0-1


[Site "https://www.chess.com"]

[Event "Titled Tuesday Blitz June 6 Early 2023"]
[White "Gontcharov, Vladislav"]
[Black "Ibarra Jerez, Jose Carlos"]
[WhiteFideId "4123492"]
[BlackFideId "2226332"]
[WhiteElo "2420"]
[BlackElo "2631"]
[Result "0-1"]
[Round "2"]
[TimeControl "180+2"]
[Date "2023.06.06"]
[WhiteClock "0:00:10"]
[BlackClock "0:00:39"]
[Board "20"]

1. d4 Nf6 2. c4 d6 3. Nc3 e5 4. Nf3 e4 5. Nd2 Qe7 6. e3 Bf5 7. Be2 h5 8. h3 g6 9. b4 Bg7 10. Qb3 O-O 11. Bb2 c6 12. Rc1 Nbd7 13. a4 Rfe8 14. c5 d5 15. b5 h4 16. Ba3 g5 17. a5 a6 18. bxc6 bxc6 19. Na4 Nf8 20. Nb6 Ra7 21. Nb1 Ng6 22. Nc3 g4 23. hxg4 Bxg4 24. Qd1 Qe6 25. Na2 Bxe2 26. Qxe2 Nh7 27. Qh5 Nf6 28. Qe2 Qf5 29. Nb4 Re6 30. Rc2 Nh7 31. Nc8 Ra8 32. Nd6 Qg5 33. Nxc6 Qxg2 34. Qf1 Qg4 35. Qh3 Qh5 36. Kd2 Ng5 37. Qf1 h3 38. Kc1 h2 39. Qg2 Nf3 40. Bb4 Ngh4 41. Qh3 Qg5 42. Kb2 Qg1 0-1


[Site "https://www.chess.com"]

[Event "Titled Tuesday Blitz June 6 Early 2023"]
[White "Babazada, Khazar"]
[Black "Shohat, Yotam"]
[WhiteFideId "13413554"]
[BlackFideId "2813955"]
[WhiteElo "2369"]
[BlackElo "2226"]
[Result "1-0"]
[Round "2"]
[TimeControl "180+2"]
[Date "2023.06.06"]
[WhiteClock "0:00:19"]
[BlackClock "0:00:06"]
[Board "21"]

1. e4 e5 2. Nf3 Nc6 3. d4 exd4 4. Bc4 Bc5 5. c3 Nf6 6. cxd4 Bb4+ 7. Nc3 Nxe4 8. O-O Bxc3 9. d5 Bf6 10. Re1 O-O 11. Rxe4 Ne7 12. d6 cxd6 13. Bg5 Ng6 14. h4 Ne5 15. Bb3 h6 16. Be3 Nxf3+ 17. Qxf3 Bxh4 18. Bd4 Bf6 19. Bxf6 Qxf6 20. Rf4 Qe7 21. Rd1 d5 22. Bxd5 d6 23. Re4 Qf6 24. Qxf6 gxf6 25. Re7 Bg4 26. f3 Bf5 27. Bxb7 Rae8 28. Rxe8 Rxe8 29. Rxd6 Rb8 30. Bd5 Rxb2 31. Rxf6 Be6 32. Bxe6 fxe6 33. Rxh6 Rxa2 34. Rxe6 a5 35. Ra6 Kf7 36. Kh2 a4 37. f4 a3 38. Kh3 Ra1 39. Kg4 a2 40. Kf5 Ke7 41. g4 Kf7 42. Ra7+ Ke8 43. g5 Kf8 44. Kf6 Ke8 45. f5 Kd8 46. g6 Ke8 47. g7 Rg1 48. Rxa2 Kd7 49. Ra8 1-0


[Site "https://www.chess.com"]

[Event "Titled Tuesday Blitz June 6 Early 2023"]
[White "Degenbaev, Aziz"]
[Black "Elsa167"]
[WhiteFideId "13802640"]
[WhiteElo "2152"]
[BlackElo "2913"]
[Result "0-1"]
[Round "2"]
[TimeControl "180+2"]
[Date "2023.06.06"]
[WhiteClock "0:01:19"]
[BlackClock "0:01:52"]
[Board "22"]

1. e4 e6 2. d4 d5 3. Nc3 Bb4 4. e5 c5 5. a3 Bxc3+ 6. bxc3 Nc6 7. Nf3 Qa5 8. Bd2 Nge7 9. a4 Bd7 10. Bd3 c4 11. Be2 f6 12. O-O O-O-O 13. Qc1 Ng6 14. exf6 gxf6 15. Qa3 e5 16. Rfb1 e4 17. Ne1 Nxd4 18. cxd4 Qxd2 19. Qc5+ Bc6 20. Bg4+ Kb8 21. Rxb7+ Bxb7 0-1


[Site "https://www.chess.com"]

[Event "Titled Tuesday Blitz June 6 Early 2023"]
[White "Terry, Renato"]
[Black "Malyi, Viacheslav"]
[WhiteFideId "3803457"]
[BlackFideId "14123983"]
[WhiteElo "2575"]
[BlackElo "2291"]
[Result "1-0"]
[Round "2"]
[TimeControl "180+2"]
[Date "2023.06.06"]
[WhiteClock "0:00:35"]
[BlackClock "0:01:19"]
[Board "23"]

1. e4 e5 2. Nf3 Nc6 3. Nc3 Nf6 4. g3 Bc5 5. Bg2 d6 6. h3 a6 7. O-O Be6 8. d3 Qd7 9. Ng5 h6 10. Nxe6 fxe6 11. Kh2 O-O 12. f4 d5 13. fxe5 Nh7 14. Rxf8+ Rxf8 15. exd5 exd5 16. Ne2 Bf2 17. d4 Ne7 18. Qd3 c6 19. Bd2 Qf5 20. Qxf5 Nxf5 21. c3 Ne3 22. Bxe3 Bxe3 23. Rf1 Ng5 24. Rxf8+ Kxf8 25. h4 Ne6 26. Bh3 Ke7 27. Kg2 c5 28. dxc5 Nxc5 29. Kf3 Bd2 30. b3 a5 31. Bf5 b5 32. Nf4 Bxf4 33. gxf4 b4 34. cxb4 axb4 35. Ke3 Kf7 36. Kd4 g6 37. Bxg6+ Kxg6 38. Kxc5 Kf5 39. Kxd5 1-0


[Site "https://www.chess.com"]

[Event "Titled Tuesday Blitz June 6 Early 2023"]
[White "Krutko, Anatoly"]
[Black "Samadov, Read"]
[WhiteFideId "4185862"]
[BlackFideId "13417444"]
[WhiteElo "2378"]
[BlackElo "2355"]
[Result "0-1"]
[Round "2"]
[TimeControl "180+2"]
[Date "2023.06.06"]
[WhiteClock "0:00:03"]
[BlackClock "0:00:03"]
[Board "24"]

1. d4 Nf6 2. c4 g6 3. Nc3 Bg7 4. e4 d6 5. Nge2 O-O 6. Ng3 c5 7. d5 e6 8. h4 exd5 9. cxd5 Re8 10. Be2 a6 11. a4 h5 12. Bg5 Qb6 13. Qd2 Nbd7 14. a5 Qc7 15. O-O Ne5 16. Na4 Bg4 17. f3 Bd7 18. Nb6 Rab8 19. Nxd7 Nexd7 20. b4 Nh7 21. Be3 Bxa1 22. Rxa1 Qd8 23. bxc5 Nxc5 24. Rb1 Qxh4 25. Bf2 Qe7 26. Nf1 Rbc8 27. Ne3 Ng5 28. Kf1 h4 29. Ng4 Ngxe4 30. fxe4 Nxe4 31. Qf4 f5 32. Nh6+ Kg7 33. Bd4+ Kh7 34. Nxf5 Ng3+ 35. Nxg3 Rf8 36. Qxf8 Rxf8+ 37. Bf3 hxg3 38. Re1 Qh4 39. Bb6 Qc4+ 40. Re2 Qc1+ 41. Re1 Qc4+ 42. Re2 Qxd5 43. Re7+ Kh8 44. Be3 Qd1# 0-1


[Site "https://www.chess.com"]

[Event "Titled Tuesday Blitz June 6 Early 2023"]
[White "Talibov, Shiroghlan"]
[Black "Iskusnyh, Sergei"]
[WhiteFideId "13429078"]
[BlackFideId "4120027"]
[WhiteElo "2274"]
[BlackElo "2492"]
[Result "1-0"]
[Round "2"]
[TimeControl "180+2"]
[Date "2023.06.06"]
[WhiteClock "0:00:01"]
[BlackClock "0:00:01"]
[Board "25"]

1. c4 e5 2. Nc3 Bb4 3. g3 Bxc3 4. bxc3 d6 5. Bg2 Nc6 6. d3 Nge7 7. f4 exf4 8. Bxf4 O-O 9. Nf3 Ng6 10. Bd2 Bd7 11. O-O Qc8 12. Rf2 Bh3 13. Bh1 Nce5 14. Nxe5 dxe5 15. Rb1 c6 16. Qb3 Qc7 17. c5 Rae8 18. Be4 Kh8 19. Bf5 Bxf5 20. Rxf5 Re7 21. Rbf1 f6 22. Kg2 Rd8 23. Be3 Red7 24. c4 Nf8 25. R5f2 Ne6 26. Qa3 b6 27. cxb6 axb6 28. Rb1 c5 29. Qa6 Qc6+ 30. Kg1 Rd6 31. Qb5 Qa8 32. a4 h6 33. Rbf1 e4 34. dxe4 Qxe4 35. Qb3 Rd1 36. Rxd1 Rxd1+ 37. Qxd1 Qxe3 38. Qd5 Nd4 39. Kf1 Qb3 40. Kg2 Nc2 41. Qa8+ Kh7 42. Qe4+ Kh8 43. Kh3 Qxa4 44. e3 Qd7+ 45. g4 Nb4 46. Qf5 Qe8 47. Qf4 Nd3 48. Qf3 Nxf2+ 49. Qxf2 Qe4 50. Qe2 Kh7 51. Kg3 Qe5+ 52. Kg2 Qe4+ 53. Kg3 Qe5+ 54. Kg2 Qc3 55. h3 Qe5 56. Qc2+ Kg8 57. Qd3 Qe6 58. Kf3 Qc6+ 59. e4 Qc7 60. Qd5+ Kh7 61. Qf5+ Kh8 62. Qe6 Qe5 63. Qxb6 Qc3+ 64. Kf4 Qxc4 65. Kf5 Qf7 66. Qb8+ 1-0


[Site "https://www.chess.com"]

[Event "Titled Tuesday Blitz June 6 Early 2023"]
[White "Lymar, Vladislav"]
[Black "Aravindh, Chithambaram VR."]
[WhiteFideId "14162180"]
[BlackFideId "5072786"]
[WhiteElo "2234"]
[BlackElo "2596"]
[Result "0-1"]
[Round "2"]
[TimeControl "180+2"]
[Date "2023.06.06"]
[WhiteClock "0:01:32"]
[BlackClock "0:01:37"]
[Board "26"]

1. d4 g6 2. c4 Bg7 3. Nc3 d6 4. e4 e5 5. d5 Ne7 6. Bd3 O-O 7. Nge2 Nd7 8. Be3 f5 9. exf5 Nxf5 10. Bxf5 gxf5 11. f4 Nf6 12. O-O e4 13. h3 a6 14. Nd4 Qe8 15. Kh2 Bd7 16. Rg1 c5 17. dxc6 bxc6 18. Qe2 Qg6 19. Rad1 Rab8 20. Na4 c5 21. Nxc5 dxc5 22. Nb3 Ba4 23. Bxc5 Rfe8 24. Bd6 Bxb3 25. axb3 Rxb3 26. c5 Qg3+ 27. Kh1 Ng4 0-1


[Site "https://www.chess.com"]

[Event "Titled Tuesday Blitz June 6 Early 2023"]
[White "Tang, Andrew"]
[Black "Diaz Rosas, Julio Cesar"]
[WhiteFideId "2059630"]
[BlackFideId "5105099"]
[WhiteElo "2600"]
[BlackElo "2284"]
[Result "1-0"]
[Round "2"]
[TimeControl "180+2"]
[Date "2023.06.06"]
[WhiteClock "0:00:52"]
[BlackClock "0:00:12"]
[Board "27"]

1. d4 d5 2. Bf4 Nf6 3. e3 g6 4. Nf3 Bg7 5. Nbd2 O-O 6. c3 a5 7. h3 c6 8. Be2 Na6 9. O-O Nc7 10. b4 Bf5 11. a4 Ne4 12. Nxe4 Bxe4 13. Qb3 axb4 14. cxb4 Ne8 15. b5 Nd6 16. bxc6 bxc6 17. Rfc1 Bxf3 18. gxf3 Qd7 19. a5 Qxh3 20. Bxd6 exd6 21. Rxc6 Rfb8 22. Qxd5 Rb2 23. Rb6 Rxa5 24. Qxa5 Rxe2 25. Rb8+ Bf8 26. Qd8 1-0


[Site "https://www.chess.com"]

[Event "Titled Tuesday Blitz June 6 Early 2023"]
[White "Mortazavi, Ali"]
[Black "Rustemov, Alexander"]
[WhiteFideId "401323"]
[BlackFideId "4119002"]
[WhiteElo "2339"]
[BlackElo "2885"]
[Result "1-0"]
[Round "2"]
[TimeControl "180+2"]
[Date "2023.06.06"]
[WhiteClock "0:00:32"]
[BlackClock "0:00:10"]
[Board "28"]

1. Nf3 d5 2. g3 c6 3. Bg2 Bf5 4. O-O e6 5. d3 Nf6 6. c4 dxc4 7. dxc4 Qxd1 8. Rxd1 Bc2 9. Rf1 Nbd7 10. Bf4 a5 11. Rc1 Bg6 12. Nc3 Nc5 13. Ne5 Be7 14. Nxc6 Nfe4 15. Nxe7 Kxe7 16. Nb5 Rhd8 17. Rd1 f6 18. f3 e5 19. Be3 Na4 20. fxe4 Nxb2 21. Rdc1 Rdc8 22. c5 Na4 23. Rab1 Be8 24. Nd6 Bc6 25. Nxc8+ Rxc8 26. Rc4 Kd8 27. Rxa4 Bxa4 28. Rxb7 Rc7 29. Rb8+ Ke7 30. Ra8 Bd1 31. Kf2 a4 32. Ra6 Kd7 33. Bh3+ Ke7 34. c6 Bc2 35. Bc5+ Kf7 36. Bd6 1-0


[Site "https://www.chess.com"]

[Event "Titled Tuesday Blitz June 6 Early 2023"]
[White "Ahmadzada, Ahmad"]
[Black "Machidon, Cristi"]
[WhiteFideId "13413007"]
[BlackFideId "13904590"]
[WhiteElo "2388"]
[BlackElo "2355"]
[Result "1-0"]
[Round "2"]
[TimeControl "180+2"]
[Date "2023.06.06"]
[WhiteClock "0:00:55"]
[BlackClock "0:00:43"]
[Board "29"]

1. Nf3 c5 2. g3 d5 3. Bg2 Nc6 4. O-O e5 5. c4 d4 6. d3 Nf6 7. e3 Nd7 8. exd4 cxd4 9. Re1 Be7 10. Nbd2 O-O 11. Ne4 h6 12. g4 Re8 13. a3 a5 14. b3 Nf8 15. h3 Ng6 16. Ng3 Bf8 17. Ra2 Be6 18. Rae2 f6 19. Nh2 Qd7 20. Be4 Bf7 21. Nh5 Rab8 22. Nf1 Nd8 23. Bxh6 Ne6 24. Qd2 Nc5 25. Bf5 Qc7 26. Nfg3 Nxb3 27. Qd1 a4 28. Bxg7 Bxg7 29. Nxg7 Kxg7 30. Nh5+ Kh8 31. Nxf6 Nf4 32. g5 Be6 33. Rxe5 Bxf5 34. Rxe8+ Rxe8 35. Rxe8+ Kg7 36. Rg8+ Kf7 37. Rg7+ 1-0


[Site "https://www.chess.com"]

[Event "Titled Tuesday Blitz June 6 Early 2023"]
[White "Garcia Blanco, Omar"]
[Black "Grigorjev, Iljya"]
[WhiteFideId "2287153"]
[BlackFideId "24159565"]
[WhiteElo "2356"]
[BlackElo "2323"]
[Result "0-1"]
[Round "2"]
[TimeControl "180+2"]
[Date "2023.06.06"]
[WhiteClock "0:01:12"]
[BlackClock "0:01:10"]
[Board "30"]

1. e4 e5 2. Nc3 Nc6 3. Bc4 Nf6 4. d3 Bc5 5. f4 O-O 6. Nf3 Ng4 7. Ng5 d5 8. exd5 Bf2+ 9. Kf1 Nd4 10. d6 exf4 11. Nxf7 Rxf7 12. Bxf7+ Kxf7 13. Ne4 Be3 14. h3 Qh4 15. Qe1 Qxe1+ 16. Kxe1 Nxc2+ 17. Ke2 Nxa1 18. Bxe3 Nxe3 19. Rxa1 cxd6 20. Rc1 Ke7 21. Rc7+ Bd7 22. Rxb7 Nxg2 23. Kf3 Ne1+ 24. Kxf4 Nxd3+ 25. Ke3 Nc5 0-1


[Site "https://www.chess.com"]

[Event "Titled Tuesday Blitz June 6 Early 2023"]
[White "Nguyen, Ngoc Truong Son"]
[Black "Poltorak, Sebastian"]
[WhiteFideId "12401110"]
[BlackFideId "1199498"]
[WhiteElo "2556"]
[BlackElo "2195"]
[Result "1-0"]
[Round "2"]
[TimeControl "180+2"]
[Date "2023.06.06"]
[WhiteClock "0:00:46"]
[BlackClock "0:00:41"]
[Board "31"]

1. d4 Nf6 2. c4 g6 3. Nc3 d5 4. Nf3 Bg7 5. cxd5 Nxd5 6. e4 Nxc3 7. bxc3 c5 8. Bb5+ Nc6 9. O-O O-O 10. Bxc6 bxc6 11. Qc2 Bg4 12. Ne5 Bxe5 13. dxe5 Qc7 14. f4 Rfd8 15. f5 Qd7 16. Be3 c4 17. h3 Qd3 18. Qxd3 Rxd3 19. Rae1 gxf5 20. exf5 Bxf5 21. Rxf5 Rxc3 22. Rg5+ Kh8 23. Bc5 f6 24. exf6 exf6 25. Bd4 1-0


[Site "https://www.chess.com"]

[Event "Titled Tuesday Blitz June 6 Early 2023"]
[White "Molenda, Marcin"]
[Black "Svane, Frederik"]
[WhiteFideId "1173065"]
[BlackFideId "12923044"]
[WhiteElo "2286"]
[BlackElo "2502"]
[Result "0-1"]
[Round "2"]
[TimeControl "180+2"]
[Date "2023.06.06"]
[WhiteClock "0:01:37"]
[BlackClock "0:00:32"]
[Board "32"]

1. e4 e6 2. b3 c5 3. d4 cxd4 4. Qxd4 Nc6 5. Qd2 Nf6 6. Nc3 Bb4 7. f3 d5 8. exd5 exd5 9. a3 Bxc3 10. Qxc3 O-O 11. Bd3 d4 12. Qc5 Re8+ 13. Ne2 Re5 14. Qxe5 Nxe5 15. O-O Nxd3 16. cxd3 Bf5 17. Rd1 Rc8 18. Bg5 h6 19. Bh4 Rc2 20. Ng3 Bh7 21. Ne4 g5 22. Bf2 Bxe4 23. dxe4 d3 24. Bxa7 b6 25. a4 Qc7 26. Rxd3 Qxa7 27. h4 b5+ 28. Kh1 Qf2 0-1


[Site "https://www.chess.com"]

[Event "Titled Tuesday Blitz June 6 Early 2023"]
[White "Galchenko, Matvey"]
[Black "Guerra Tulcan, Lenin"]
[WhiteFideId "24175480"]
[BlackFideId "3601382"]
[WhiteElo "2423"]
[BlackElo "2368"]
[Result "1-0"]
[Round "2"]
[TimeControl "180+2"]
[Date "2023.06.06"]
[WhiteClock "0:01:29"]
[BlackClock "0:00:26"]
[Board "33"]

1. e4 c5 2. c3 e6 3. d4 cxd4 4. cxd4 d5 5. e5 Nc6 6. Nf3 Nge7 7. Nc3 Nf5 8. a3 Qb6 9. Na4 Qc7 10. b4 a6 11. Bb2 Be7 12. Rc1 O-O 13. Bd3 Qd8 14. h4 h5 15. Nc5 Bxc5 16. Rxc5 Qb6 17. Ng5 g6 18. g4 Ng7 19. gxh5 Nxh5 20. Rg1 Kh8 21. Nxf7+ Rxf7 22. Bxg6 Rg7 23. Qxh5+ Kg8 24. Bf7+ Kf8 25. Qh8+ Ke7 1-0


[Site "https://www.chess.com"]